 Dungeon Crawl Stone Soup version 0.24-a0-170-gd8427f5 (webtiles) character file.

Game seed: 13518666440252611601

12 Dfrag the Ruffian (level 2, -1/23 HPs)
             Began as a Centaur Transmuter on Mar 9, 2019.
             Slain by a leopard gecko (3 damage)
             ... on level 1 of the Dungeon.
             The game lasted 00:00:20 (180 turns).

Dfrag the Ruffian (Centaur Transmuter)               Turns: 180, Time: 00:00:21

Health: -1/23      AC:  4    Str: 12    XL:     2   Next: 20%
Magic:  4/4        EV:  9    Int: 12    God:
Gold:   38         SH:  0    Dex:  9    Spells: 3/4 levels left

rFire    . . .     SeeInvis .     - Unarmed
rCold    . . .     Gourm    .   (no shield)
rNeg     . . .     Faith    .   b - +0 robe
rPois    .         Spirit   .   (no helmet)
rElec    .         Reflect  .   (no cloak)
rCorr    .         Harm     .   (no gloves)
MR       .....                  (no barding)
Stlth    +.........             (no amulet)
HPRegen  0.07/turn              (no ring)
MPRegen  0.09/turn              (no ring)

@: very quick
A: large, hooves 3, deformed body, speed 2, tough skin 3
a: no special abilities


You were on level 1 of the Dungeon.
You were not hungry.

You visited 1 branch of the dungeon, and saw 1 of its levels.

You collected 38 gold pieces.

Inventory:

Missiles
 a - 12 arrows
Armour
 b - a +0 robe (worn)
Scrolls
 e - a scroll of magic mapping {unknown}
 f - a scroll of teleportation {unknown}
 h - a scroll of enchant weapon {unknown}
Potions
 c - a potion of degeneration {unknown}
 g - 2 potions of curing {unknown}
Comestibles
 d - 2 rations


   Skills:
 + Level 1.0 Fighting
 - Level 1.3 Dodging
 + Level 3.7 Unarmed Combat
 - Level 1.5 Spellcasting
 - Level 1.7 Transmutations


You had 3 spell levels left.
You knew the following spells:

 Your Spells              Type           Power        Failure   Level  Hunger
a - Beastly Appendage     Tmut           #.....       14%         1    ##.....

Your spell library contained the following spells:

 Spells                   Type           Power        Failure   Level  Hunger
 Sticks to Snakes         Tmut           #.......     22%         2    ###....
 Spider Form              Tmut/Pois      #.........   52%         3    ####...
 Ice Form                 Ice/Tmut       #.......     89%         4    #####..
 Blade Hands              Tmut           #.........   98%         5    ######.


Dungeon Overview and Level Annotations

Branches:
Dungeon (1/15)

Altars:


Innate Abilities, Weirdness & Mutations

You have hooves in place of feet.
Armour fits poorly on your strangely shaped body.
You cover ground very quickly.
You have extremely tough skin. (AC +3)


Message History

You miss the bat. Your kick misses the bat. The bat barely misses you. x2
You hit the bat.
The bat is severely wounded.
The bat hits you but does no damage.
You miss the bat.
The bat is severely wounded.
The bat barely misses you. The bat closely misses you.
You hit the bat but do no damage. You kick the bat.
You kill the bat!
The leopard gecko bites you.
You closely miss the leopard gecko. The leopard gecko barely misses you.
You closely miss the leopard gecko. Your kick misses the leopard gecko.
The leopard gecko bites you.
* * * LOW HITPOINT WARNING * * *
You closely miss the leopard gecko. The leopard gecko bites you.
* * * LOW HITPOINT WARNING * * *
You hit the leopard gecko. Your kick misses the leopard gecko.
The leopard gecko is almost dead.
The leopard gecko bites you.
You die...

..[........(. #......
#......... ####....†.
#......###+##.##......
+......+..............
#......#.#.##.#######.
#......#.#.##.# #..
.......#'##.#....# ##.
...#####l##.###### #.
.. #@##.# #. # #....#
#. #.#### #.
############### ##
#.......#..#.#
######..####.#..#.#
#....#..#..#.#..#.####
#.<..'..#.†'.#........
#....#..####.#..#..)..


You could see a leopard gecko.

Vanquished Creatures
  An ooze (D:1)
  A leopard gecko (D:1)
  3 bats (D:1)
  A goblin (D:1)
  2 frilled lizards (D:1)
8 creatures vanquished.

Notes
Turn   | Place    | Note
-------+----------+-------------------------------------------
     0 | D:1      | Dfrag the Centaur Transmuter began the quest for the Orb.
     0 | D:1      | Reached XP level 1. HP: 16/16 MP: 3/3
   120 | D:1      | Reached XP level 2. HP: 15/23 MP: 4/4
   180 | D:1      | Slain by a leopard gecko

Levels and vault maps discovered:
D:1:      dpeg_arrival_erosion, layout_basic

Action                   || total
-------------------------++-------
Melee: Unarmed           ||    33
       Kick              ||     5
Armor: Robe              ||    14
Dodge: Dodged            ||    26

Table legend:
 A = Non-vault XP
 B = Vault XP
 C = Vault XP percentage of total XP
 D = Non-vault monster count
 E = Vault monster count
 F = Vault count percentage of total count
                 A         B        C        D         E       F
            +---------+---------+-------+---------+---------+-------
      Total |      18 |       0 |   0.0 |       8 |       0 |   0.0
            +---------+---------+-------+---------+---------+-------
        D:1 |      18 |       0 |   0.0 |       8 |       0 |   0.0
            +---------+---------+-------+---------+---------+-------
